 Seeded DCSS version 0.30.1-4-g462c640d31 (webtiles) character file.

Game seed: 6351066067085065685 (custom seed)

2 Esekla the Grave Robber (level 1, -2/10 HPs)
             Began as a Deep Elf Necromancer on Sept 3, 2023.
             Was an Initiate of Vehumet.
             Slain by a kobold
             ... wielding a +0 dagger
              (3 damage)
             ... on level 4 of the Dungeon.
             The game lasted 00:03:15 (547 turns).

Esekla the Grave Robber (Deep Elf Necromancer)       Turns: 547, Time: 00:03:16

Health: -2/10      AC:  4    Str:  5    XL:     1   Next: 33%
Magic:  6/6        EV: 12    Int: 19    God:    Vehumet [......]
Gold:   61         SH:  0    Dex: 15    Spells: 5/6 levels left

rFire   . . .        l - +1 short sword (freeze)
rCold   . . .        (no shield)
rNeg    . . .        a - +0 robe
rPois   .            j - +0 helmet
rElec   .            (no cloak)
rCorr   .            c - +0 pair of gloves
SInv    .            (no boots)
Will    .....        (no amulet)
Stlth   ++           (no ring)
HPRegen 0.21/turn    (no ring)
MPRegen 0.10/turn

%: no passive effects
@: no status effects
A: no striking features
a: Renounce Religion


You were on level 4 of the Dungeon.
You worshipped Vehumet.
Vehumet was noncommittal.
You visited 1 branch of the dungeon, and saw 4 of its levels.

You collected 61 gold pieces.

Inventory:

Hand Weapons
 l - a +1 short sword of freezing (weapon)
Armour
 a - a +0 robe (worn)
 c - a +0 pair of gloves (worn)
 j - a +0 helmet (worn)
Wands
 h - a wand of roots (9)
Scrolls
 e - a scroll of fear {unknown}
 f - a scroll of identify {unknown}
Potions
 b - a potion of magic
 d - a potion of ambrosia {unknown}
 g - a potion of haste {unknown}
 i - a potion of curing {unknown}
 k - a potion of mutation {unknown}
 m - a potion of attraction {unknown}


   Skills:
 * Level 2.4 Dodging
 + Level 2.5 Stealth
 * Level 3.0 Spellcasting
 + Level 4.9 Necromancy


You had 5 spell levels left.
You knew the following spells:

 Your Spells              Type           Power      Damage    Failure   Level
a - Necrotise             Necr           84%        1d8       1%          1

Your spell library contained the following spells:

 Spells                   Type           Power      Damage    Failure   Level
 Vampiric Draining        Necr           21%        2d7       6%          3
 Animate Dead             Necr           21%        N/A       21%         4
 Agony                    Necr           21%        N/A       50%         5


Dungeon Overview and Level Annotations

Branches:
Dungeon (4/15)
 Temple: D:4-7

Altars:
Okawaru
Vehumet
Zin

Shops:
D:2 =


Message History

You barely miss the kobold.
The kobold is severely wounded.
The kobold hits you with a +1 short sword of freezing.
The kobold freezes you.
You barely miss the kobold.
The kobold is severely wounded.
The kobold barely misses you.
You closely miss the kobold.
The kobold is severely wounded.
The kobold completely misses you.
You hit the kobold.
You kill the kobold!
Vehumet accepts your kill.
Things that are here:
a +1 short sword of freezing; 3 stones; a kobold corpse Your +1 short sword of freezing glows with a cold blue light!
l - a +1 short sword of freezing (weapon)
You drop a +0 short sword.
There is an open door here.
Found 15 gold pieces.
Found a pair of gloves and a bubbling green potion.
You now have 61 gold pieces (gained 15).
You see here a +0 pair of gloves.
You start putting on your armour.
You continue putting on your +0 pair of gloves. x4
You finish putting on your +0 pair of gloves.
A kobold comes into view. It is wielding a +0 dagger.
You see here a bubbling green potion.
m - a bubbling green potion The kobold shouts!
You hit the kobold but do no damage. The kobold misses you.
You barely miss the kobold. The kobold hits you with a +0 dagger.
You barely miss the kobold. The kobold barely misses you.
You hit the kobold but do no damage. The kobold barely misses you.
You hit the kobold but do no damage. The kobold hits you with a +0 dagger.
You closely miss the kobold. The kobold hits you with a +0 dagger.
You barely miss the kobold. The kobold hits you with a +0 dagger.
* * * LOW HITPOINT WARNING * * *
You barely miss the kobold. The kobold hits you with a +0 dagger.
You die...

## ######### ...
#.......# ....
#.......# .....
+.......######
......##............#
......K@............#
....................#
..............#######
..................#
....#.............#
....#.............#
...##..........#+## ..
....#..........#.#
...####.#............#


You could see a kobold.

Vanquished Creatures
  3 kobolds
3 creatures vanquished.

Notes
Turn   | Place    | Note
-------+----------+-------------------------------------------
     0 | D:1      | Esekla the Deep Elf Necromancer began the quest for the
                  | Orb.
     0 | D:1      | Reached XP level 1. HP: 10/10 MP: 6/6
   218 | D:2      | Found Renulab's Jewellery Shop.
   385 | D:4      | Found a radiant altar of Vehumet.
   396 | D:4      | Found an iron altar of Okawaru.
   407 | D:4      | Found a glowing silver altar of Zin.
   487 | D:4      | Became a worshipper of Vehumet
   547 | D:4      | Slain by a kobold

Illustrated notes

Levels and vault maps discovered:
D:1:      sevenhm_arrival_forest_fort_small_3, layout_rooms,
          chequers_serial_rivers_room_b, minmay_misc_feat_five
D:2:      layout_loops_ring, dreamdust_ecumenical_altar_angels_and_demons,
          serial_shops, shop
D:3:      layout_basic, grunt_temple_overflow_open, minmay_misc_feat_iff
D:4:      layout_basic, nicolae_overflow_quartered_altars, serial_shops,
          nicolae_diamond_shop

Action                     || total
---------------------------++-------
  Melee: Short sword       ||    22
         Unarmed           ||     9
 Armour: Robe              ||     9
  Dodge: Dodged            ||    26
